Map: Emerald City LE

Players

LearnToSwim - Winner!

  • Race: Protoss Protoss
  • League: Master
  • Spawn Location: 5:00

Umazz - Winner!

  • Race: Protoss Protoss
  • League: Silver
  • Spawn Location: 5:00

Niloc

  • Race: Protoss Protoss
  • League: Platinum
  • Spawn Location: 11:00

ReptilMagico

  • Race: Protoss Protoss
  • League: Silver
  • Spawn Location: 11:00

VOD

Have the link to the VOD?

Description

Time

  • Played on: July 20, 2020, 11:09 a.m.
  • Length: 7:13
Show
View Real Time Build Order
Export as new Build Order

LearnToSwim Protoss - Winner!

Build Orders:  

Get SALT Encoding   

  12  0:00  Probe  
  13  0:13  Pylon  
  13  0:18  Probe  
  14  0:31  Gateway  
  14  0:33  Probe  
  15  0:42  Assimilator  
  15  0:45  Probe  
  16  0:57  Probe  
  17  1:10  Probe  
  18  1:19  Cybernetics Core  
  18  1:22  Pylon, Probe  
  18  1:24  Gateway  
  18  1:25  Warp Gate  
  19  1:35  Probe  
  21  1:47  Probe  
  21  1:49  Gateway  
  21  2:07  Assimilator, Probe  
  22  2:10  Pylon  
  22  2:19  Probe  
  23  2:23  Stalker  
  23  2:28  Gateway  
  25  2:34  Probe  
  26  2:38  Stalker  
  28  2:46  Stalker  
  32  3:33  Stalker x3  
  36  3:41  Probe  
  36  3:43  Pylon  
  36  3:45  Pylon  
  36  3:52  Stalker  
  38  4:01  Probe  
  39  4:02  Stalker  
  39  4:03  Stalker x2  
  45  4:13  Probe  
  46  4:24  Pylon  
  46  4:29  Robotics Facility  
  46  4:40  Stalker x3  
  41  5:18  Stalker x4  
  39  5:44  Stalker x2  
  43  5:51  Nexus  
  39  6:11  Stalker x3  
  39  6:32  Stalker  
  39  6:46  Stalker x3  
  45  7:00  Probe  
  43  7:08  Pylon  
Show
View Real Time Build Order
Export as new Build Order

Umazz Protoss - Winner!

Build Orders:  

Get SALT Encoding   

  12  0:00  Probe  
  13  0:11  Probe  
  14  0:18  Pylon  
  14  0:19  Probe  
  15  0:33  Probe  
  15  0:40  Gateway  
  16  0:45  Probe  
  16  0:49  Assimilator  
  17  0:56  Assimilator  
  17  0:58  Probe  
  18  1:10  Probe  
  19  1:11  Gateway  
  19  1:22  Probe  
  20  1:30  Cybernetics Core  
  20  1:34  Probe  
  21  1:40  Pylon  
  21  1:46  Probe  
  22  1:56  Stalker x2  
  22  1:58  Probe  
  27  2:11  Warp Gate  
  27  2:12  Pylon  
  27  2:14  Probe  
  28  2:26  Stalker  
  30  2:30  Stalker  
  32  2:58  Nexus  
  31  3:52  Probe  
  30  4:04  Probe  
  31  4:17  Probe  
  32  4:19  Probe  
  33  4:29  Probe  
  34  4:31  Probe  
  34  4:35  Robotics Facility  
  35  4:40  Twilight Council  
  35  4:41  Probe  
  35  4:43  Probe  
  37  4:45  Gateway  
  37  4:46  Gateway  
  37  4:48  Gateway  
  37  4:49  Gateway  
  37  4:53  Probe  
  37  4:55  Probe  
  39  5:05  Probe  
  38  5:38  Warp Prism  
  38  5:41  Probe x2  
  42  5:53  Probe x2  
  44  6:14  Immortal  
Show
View Real Time Build Order
Export as new Build Order

Niloc Protoss 

Build Orders:  

Get SALT Encoding   

  12  0:01  Probe  
  13  0:13  Probe  
  14  0:19  Pylon  
  14  0:25  Probe  
  15  0:37  Probe  
  15  0:41  Forge  
  16  0:46  Probe  
  17  0:51  Assimilator  
  17  0:55  Probe  
  18  1:06  Gateway  
  18  1:13  Pylon  
  18  1:14  Probe  
  19  1:34  Photon Cannon  
  19  1:35  Photon Cannon  
  19  1:38  Probe  
  20  1:51  Probe  
  21  1:56  Cybernetics Core  
  21  2:03  Probe  
  21  2:07  Pylon  
  22  2:15  Assimilator  
  22  2:18  Pylon  
  22  2:20  Probe  
  23  2:29  Photon Cannon  
  23  2:35  Warp Gate  
  23  2:42  Probe  
  24  2:49  Gateway  
  24  2:53  Pylon  
  24  2:59  Shield Battery  
  23  3:24  Pylon  
  23  3:35  Pylon  
  23  3:36  Robotics Facility  
  23  3:37  Robotics Facility  
  22  3:42  Probe  
  23  3:57  Probe  
  24  4:08  Nexus  
  24  4:12  Pylon  
  24  4:22  Immortal  
  28  4:33  Immortal  
  32  4:48  Shield Battery  
  32  4:52  Shield Battery  
  25  5:26  Pylon  
  19  5:39  Probe  
  20  6:13  Stalker  
  20  6:16  Sentry  
  18  6:32  Pylon  
  16  6:34  Pylon  
  16  6:52  Pylon  
  16  7:06  Stalker  
Show
View Real Time Build Order
Export as new Build Order

ReptilMagico Protoss 

Build Orders:  

Get SALT Encoding   

  12  0:07  Probe  
  13  0:20  Pylon, Probe  
  14  0:33  Probe  
  15  0:41  Gateway, Probe  
  15  0:49  Probe  
  17  0:58  Assimilator  
  17  1:00  Probe  
  18  1:09  Gateway  
  18  1:16  Probe  
  19  1:28  Probe  
  19  1:32  Cybernetics Core  
  20  1:40  Probe  
  21  1:54  Pylon  
  21  1:58  Pylon  
  21  2:02  Warp Gate  
  21  2:03  Assimilator  
  21  2:10  Adept  
  21  2:12  Adept  
  25  2:21  Forge  
  25  2:25  Probe  
  26  2:37  Probe  
  26  2:39  Gateway  
  27  2:44  Stalker  
  27  2:53  Stalker  
  29  4:01  Stalker x3  
  33  4:16  Probe  
  34  4:26  Stalker x2  
  34  4:28  Probe  
  39  4:52  Gateway  
  39  4:59  Robotics Facility  
  35  5:00  Robotics Facility  
  30  5:10  Stalker  
  30  5:11  Stalker x2  
  25  5:49  Immortal  
  25  5:51  Stalker  
  25  6:09  Stalker x2  
  20  6:50  Stalker x3  
Tags
 
Add a new tag
Caveats
  • Supply blocks, unpowered buildings, or Contaminate may cause inaccurate times.
  • Supply counts are checked every 10 seconds.